 Dungeon Crawl Stone Soup version 0.31.0-12-g77e489cdc1 (webtiles) character file.

Game seed: 3108105024063978978

156 Killerpretzel the Changeling (level 5, -28/34 HPs)
             Began as an Octopode Shapeshifter on Mar 2, 2024.
             Annihilated by an ogre
             ... wielding a +0 giant club
              (30 damage)
             ... on level 4 of the Dungeon.
             The game lasted 00:01:13 (2303 turns).

Killerpretzel the Changeling (OpSh)                 Turns: 2303, Time: 00:01:14

Health: -28/34     AC:  1    Str: 14    XL:     5   Next: 38%
Magic:  5/5        EV: 13    Int: 12    God:
Gold:   123        SH:  0    Dex: 13    Spells: 4/4 levels left

rFire   . .          .
                       - Unarmed
rCold   . . .        (no shield)
rNeg    . . .        (helmet currently unavailable)
rPois   .            (no amulet)
rElec   .            (no ring)
rCorr   .            (no ring)
SInv    .            (no ring)
Will    .....        (no ring)
Stlth   ++           (no ring)
HPRegen 0.25/turn    (no ring)
MPRegen 0.09/turn    (no ring)
                     (no ring)

%: no passive effects
@: beast-form
A: beast (slay +2), almost no armour, amphibious, 8 rings, camouflage 1,
gelatinous body 1, (nimble swimmer 1), tentacles
a: Begin Untransformation


You were on level 4 of the Dungeon.
You were a hulking beast.
You visited 1 branch of the dungeon, and saw 4 of its levels.

You collected 123 gold pieces.

Inventory:

Jewellery
 n - a ring of fire
Talismans
 b - a beast talisman
 c - a flux talisman
Wands
 p - a wand of flame (20)
Scrolls
 f - a scroll of vulnerability
Potions
 a - a potion of lignification
 d - a potion of might
 e - a potion of heal wounds
 g - a potion of mutation {unknown}
 h - 3 potions of curing
 i - a potion of invisibility {unknown}
 k - 2 potions of berserk rage {unknown}
 m - a potion of enlightenment {unknown}


   Skills:
 + Level 2.3 Fighting
 + Level 3.0 Dodging
 + Level 3.7 Unarmed Combat
 * Level 4.1 Shapeshifting


You had 4 spell levels left.
You didn't know any spells.
Your spell library contained the following spells:

 Spells                   Type           Power      Damage    Failure   Level
 Ensorcelled Hibernation  Hex/Ice        0%         N/A       45%         2
 Passwall                 Erth           0%         N/A       69%         3
 Swiftness                Air            0%         N/A       69%         3


Dungeon Overview and Level Annotations

Branches:
Dungeon (4/15)
 Temple: D:4-7

Altars:


Innate Abilities, Weirdness & Mutations

You are a hulking beast.
Your limbs bulge with bestial killing power. (Slay +2)
You cannot wear most types of armour.
You are amphibious.
You can wear up to eight rings at the same time.
Your skin changes colour to match your surroundings (Stealth+).
Your rubbery body absorbs attacks. (AC +1, EV +1)
((You are camouflaged when in or above water. (Stealth+)))
You have tentacles for arms and can constrict up to eight enemies at once.


Message History

As you read the scroll of identify, it crumbles to dust.
h - 3 potions of curing
Okay, then.
You start waiting.
Your surroundings suddenly seem different.
There is a stone staircase leading up here.
There is an open door here.
There is a stone staircase leading down here.
You climb downwards.
There is a stone staircase leading up here.
There are monsters nearby!
The helpless kobold fails to defend itself.
You tentacle-slap the kobold.
You kill the kobold!
A kobold comes into view. It is wielding a +0 whip.
The ogre shouts!
The kobold shouts!
The ogre hits you with a +0 giant club!
You hear an angry hiss.
You tentacle-slap the ogre but do no damage.
You squeeze the ogre.
The ogre is lightly wounded.
You tentacle-slap the ogre.
The ogre is lightly wounded.
The ogre hits you with a +0 giant club!
* * * LOW HITPOINT WARNING * * *
You tentacle-slap the ogre.
The ogre is moderately wounded.
An endoplasm comes into view.
The endoplasm quivers.
You bludgeon the ogre!
The ogre is heavily wounded.
The ogre misses you.
You tentacle-slap the ogre.
The ogre is severely wounded.
An adder comes into view.
The kobold hits you with a +0 whip.
* * * LOW HITPOINT WARNING * * *
The ogre hits you with a +0 giant club!!
Ouch! That really hurt!
You die...

#.........#
#.........#
#.........#
#.........#
.####....?....#
.........)###.#
.####........#
##<......K######
.............hO.J....
.####...........#.S..
#.#####...#.# . #.
.....#.# #. #####.# #
. #.# # ..# ###


You could see an ogre, an adder, an endoplasm and a kobold.

Vanquished Creatures
  A scorpion (D:3)
  Terence (D:2)
  2 adders (D:2)
  A dart slug (D:2)
  3 ribbon worms
  An orc (D:3)
  3 endoplasms
  3 giant cockroaches (D:1)
  2 goblins
  6 hobgoblins
  6 jackals
  A quokka (D:2)
  5 ball pythons
  2 bats
  2 frilled lizards
  4 kobolds
  6 rats
49 creatures vanquished.

Notes
Turn   | Place    | Note
-------+----------+-------------------------------------------
     0 | D:1      | Killerpretzel the Octopode Shapeshifter began the quest for
                  | the Orb.
     0 | D:1      | Reached XP level 1. HP: 13/13 MP: 1/1
   123 | D:1      | Reached XP level 2. HP: 15/18 MP: 2/2
   524 | D:1      | Found a faded altar of an unknown god.
   629 | D:2      | Reached XP level 3. HP: 20/23 MP: 3/3
   725 | D:2      | Noticed Terence
   733 | D:2      | Killed Terence
   734 | D:2      | Reached XP level 4. HP: 10/29 MP: 4/4
  1746 | D:3      | Noticed a scorpion
  1754 | D:3      | Killed a scorpion
  1755 | D:3      | Reached skill level 4 in Shapeshifting
  1755 | D:3      | Reached XP level 5. HP: 31/34 MP: 5/5
  2291 | D:4      | Noticed an ogre
  2303 | D:4      | Annihilated by an ogre

Illustrated notes

Levels and vault maps discovered:
D:1:      scummos_arrival_checkerplants, layout_basic,
          chequers_ecumenical_altar_simple, skrybe_limestone_x
D:2:      layout_basic, uniq_terence
D:3:      layout_loops_corners
D:4:      layout_basic, old_standard_altar, mainiacjoe_overflow_large_starburst,
          kennysheep_mini_moat, serial_shops, nicolae_shop_tiny_real_fake_doors,
          uniq_natasha

Skill      XL: |  1  2  3  4  5 |
---------------+----------------+-----
Fighting       | 2 |  2.3
Shapeshifting  | 4 |  4.1
Dodging        | 3 |  3.0
Unarmed Combat | |  3.7

Action                     |  1- 3 |  4- 6 || total
---------------------------+-------+-------++-------
  Melee: Unarmed           |    49 |    50 ||    99
         Constrict         |    14 |    12 ||    26
         Tentacles         |    11 |    10 ||    21
         Punch             |     1 |       ||     1
    Use: Scroll            |     2 |     7 ||     9
   Stab: Sleeping          |     2 |     4 ||     6
         Distracted        |       |     2 ||     2
 Armour: Skin              |    24 |    11 ||    35
  Dodge: Dodged            |    26 |    20 ||    46
